Map: Dusk Towers

Players

ytdurdtdd - Winner!

  • Race: Zerg Zerg
  • League: Master

MorN

  • Race: Terran Terran
  • League: Master

VOD

Have the link to the VOD?

Description

Time

  • Played on: Dec. 7, 2015, 2:02 a.m.
  • Length: 9:03
Show
View Real Time Build Order
Export as new Build Order

ytdurdtdd Zerg - Winner!

Build Orders: Hatch First 

Get SALT Encoding   

  12  0:00  Drone  
  13  0:12  Overlord  
  13  0:17  Drone  
  14  0:30  Drone x2  
  14  0:34  Drone  
  17  0:52  Hatchery  
  17  0:55  Drone  
  17  0:59  Drone  
  17  1:03  Extractor  
  17  1:08  Drone  
  18  1:18  Spawning Pool  
  18  1:21  Drone  
  18  1:27  Drone  
  19  1:38  Overlord  
  19  2:04  Queen  
  19  2:05  Queen  
  19  2:06  Drone, Zergling x4  
  19  2:08  Metabolic Boost  
  26  2:13  Drone  
  26  2:15  Drone  
  28  2:22  Drone  
  29  2:28  Drone  
  30  2:32  Drone  
  30  2:36  Overlord  
  31  2:42  Queen  
  32  2:44  Drone  
  32  2:48  Drone  
  34  2:56  Drone  
  35  3:01  Drone  
  35  3:04  Drone  
  37  3:10  Drone  
  38  3:13  Drone x2  
  38  3:17  Hatchery  
  39  3:21  Overlord  
  39  3:22  Drone  
  39  3:23  Drone x3  
  43  3:28  Drone  
  44  3:36  Roach Warren  
  44  3:38  Drone x2, Extractor x2  
  44  3:40  Drone  
  44  3:50  Drone  
  44  3:51  Drone  
  46  3:56  Drone x6  
  46  4:01  Lair  
  52  4:08  Overlord x2  
  52  4:23  Overlord x2  
  51  4:31  Roach  
  51  4:32  Roach x4  
  61  4:39  Drone x5  
  61  4:44  Roach x2  
  70  4:48  Roach  
  70  4:50  Extractor  
  70  4:52  Roach  
  73  4:54  Roach  
  75  5:00  Roach  
  77  5:15  Zergling x8  
  77  5:17  Overlord x3  
  77  5:19  Overlord  
  81  5:27  Glial Reconstitution  
  81  5:31  Evolution Chamber  
  81  5:32  Evolution Chamber  
  81  5:35  Zergling x6  
  82  5:36  Overseer  
  82  5:37  Overlord x3  
  82  5:38  Overlord  
  82  5:41  Ravager x5  
  87  5:43  Ravager  
  87  5:47  Zergling x2  
  87  5:48  Zergling x4  
  91  5:55  Zergling x14  
  91  5:56  Zergling x4  
  98  5:58  Zergling x2  
  98  5:59  Zergling x2  
  96  6:07  Zergling x4  
  92  6:24  Roach  
  92  6:25  Roach x4  
  93  6:40  Zergling x6  
  94  6:54  Hatchery  
  94  6:56  Zergling x2  
  94  6:57  Zergling x4  
  96  7:01  Roach  
  91  7:18  Roach x2  
  91  7:21  Roach  
  91  7:22  Roach  
  99  7:29  Roach  
  101  7:34  Roach  
  89  7:52  Roach  
  89  7:53  Roach x2  
  89  7:57  Roach  
  94  8:15  Zergling x2  
  94  8:16  Zergling x10  
  96  8:26  Roach  
  92  8:38  Roach x3  
Show
View Real Time Build Order
Export as new Build Order

MorN Terran 

Build Orders: Reaper Expand, MMM Bio 

Get SALT Encoding   

  12  0:01  SCV  
  13  0:13  SCV  
  14  0:17  Supply Depot  
  14  0:25  SCV  
  15  0:38  SCV  
  15  0:40  Barracks  
  16  0:46  Refinery  
  16  0:51  SCV  
  18  1:04  SCV  
  18  1:16  SCV  
  19  1:29  Orbital Command  
  19  1:31  Reaper  
  20  1:39  Command Center  
  20  1:52  Supply Depot  
  20  1:55  SCV  
  21  2:03  Barracks Reactor  
  21  2:11  Barracks  
  21  2:18  SCV  
  21  2:19  Barracks  
  22  2:31  SCV  
  23  2:38  Factory  
  23  2:43  SCV, Marine x2  
  26  2:46  Refinery  
  26  2:53  Orbital Command  
  26  2:55  SCV  
  27  3:05  Barracks Tech Lab  
  27  3:06  Marine  
  27  3:07  SCV  
  27  3:08  Marine  
  27  3:10  Marine  
  31  3:19  SCV  
  32  3:25  SCV, Starport  
  33  3:31  SCV  
  33  3:32  Stimpack  
  34  3:35  Marine x3  
  34  3:37  SCV  
  34  3:40  Supply Depot  
  38  3:42  Factory Reactor  
  38  3:44  SCV  
  38  3:47  Marine  
  39  3:55  Marine  
  39  4:01  SCV  
  39  4:02  SCV  
  42  4:12  Marine x3  
  42  4:13  SCV, Marine  
  42  4:14  SCV  
  48  4:19  Supply Depot  
  48  4:25  SCV, Medivac x2  
  48  4:27  SCV  
  48  4:29  Supply Depot  
  54  4:37  Supply Depot, Factory Reactor  
  54  4:40  SCV x2, Marine x3  
  54  4:44  Supply Depot, Marine  
  60  4:50  Refinery  
  60  4:52  SCV x2  
  60  4:58  Marine  
  63  5:03  Marine x2  
  66  5:13  Barracks Reactor  
  65  5:14  SCV x2  
  65  5:15  Supply Depot  
  65  5:16  Marine  
  65  5:21  Marine x2  
  69  5:23  Command Center, Widow Mine x2  
  74  5:32  Combat Shields  
  74  5:33  Marine  
  75  5:38  SCV x2  
  75  5:39  Marine  
  78  5:43  Engineering Bay, Marine  
  78  5:44  Engineering Bay, Medivac x2  
  83  5:50  SCV  
  83  6:01  Marauder  
  80  6:06  Marine x2  
  80  6:09  Marine x2  
  84  6:13  Medivac  
  86  6:23  Marauder  
  86  6:24  Marine x2  
  90  6:26  Terran Infantry Weapons Level 1, Terran Infantry Armor Level 1, Barracks, Marine x2  
  90  6:28  Barracks  
  85  6:42  Orbital Command, Marine x2  
  85  6:44  Marine x2, Marauder  
  79  6:59  Marine  
  79  7:00  Marine  
  85  7:02  Marine x2  
  85  7:05  Marauder  
  88  7:10  Widow Mine x2  
  88  7:14  Supply Depot x2  
  85  7:17  Barracks Reactor x2, Marine x2  
  85  7:20  Marine  
  85  7:22  Starport  
  81  7:24  Marine  
  81  7:27  Marauder  
  82  7:35  Marine  
  71  7:48  Marauder  
  71  7:49  Marine  
  65  7:53  Marine  
  65  7:55  Marine  
  55  8:07  Marine x2  
  55  8:08  Marine  
  55  8:10  Marauder  
  59  8:18  Marine x2  
  52  8:21  Marine  
  52  8:25  Marine x3  
  52  8:26  Supply Depot  
  50  8:30  Marine  
  50  8:36  Marine  
Tags
 
Add a new tag
Caveats
  • Supply blocks, unpowered buildings, or Contaminate may cause inaccurate times.
  • Supply counts are checked every 10 seconds.